 Dungeon Crawl Stone Soup version 0.29.1-12-g30fa7ad0bf (webtiles) character file.

Game seed: 8254419385624131913

240 xzight the Grasshopper (level 6, -3/50 HPs)
             Began as a Gnoll Warper on Dec 30, 2022.
             Frozen to death by an endoplasm (5 damage)
             ... on level 4 of the Dungeon.
             The game lasted 00:05:01 (4041 turns).

xzight the Grasshopper (Gnoll Warper)               Turns: 4041, Time: 00:05:02

Health: -3/50      AC:  4    Str: 10    XL:     6   Next: 8%
Magic:  14/14      EV: 12    Int: 15    God:
Gold:   180        SH:  5    Dex: 11    Spells: 15/15 levels left

rFire   . . .      SeeInvis .   m - +0 trident
rCold   . . .      Faith    .   (no shield)
rNeg    . . .      Spirit   .   b - +0 leather armour
rPois   .          Reflect  +   (no helmet)
rElec   .          Harm     .   (no cloak)
rCorr   .          Rampage  .   e - +0 pair of gloves
Will    .....                   (no boots)
Stlth   ++........              n - amulet of reflection
HPRegen 0.16/turn               (no ring)
MPRegen 0.14/turn               (no ring)

@: no status effects
A: fangs 1, strong nose, distributed training
a: no special abilities


You were on level 4 of the Dungeon.
You visited 1 branch of the dungeon, and saw 4 of its levels.
You also visited: Sewer.

You collected 180 gold pieces.


Innate Abilities, Weirdness & Mutations

You have very sharp teeth.
Your uncanny sense of smell can sniff out nearby items.
Your experience applies equally to all skills.


   Skills:
 + Level 4.9 Fighting
 + Level 1.8 Short Blades
 + Level 1.8 Long Blades
 + Level 1.8 Axes
 + Level 1.8 Maces & Flails
 + Level 4.9 Polearms
 + Level 1.8 Staves
 + Level 1.8 Ranged Weapons
 + Level 3.2 Throwing
 + Level 3.2 Armour
 + Level 4.9 Dodging
 + Level 1.8 Stealth
 + Level 1.8 Shields
 + Level 1.8 Unarmed Combat
 + Level 5.3 Spellcasting
 + Level 1.4 Conjurations
 + Level 1.4 Hexes
 + Level 1.4 Summonings
 + Level 1.4 Necromancy
 + Level 5.6 Translocations
 + Level 1.4 Transmutations
 + Level 1.4 Fire Magic
 + Level 1.4 Ice Magic
 + Level 1.4 Air Magic
 + Level 1.4 Earth Magic
 + Level 1.4 Poison Magic
 + Level 2.0 Invocations
 + Level 1.8 Evocations


You had 15 spell levels left.
You didn't know any spells.
Your spell library contained the following spells:

 Spells                   Type           Power      Damage    Failure   Level
 Apportation              Tloc           40%        N/A       1%          1
 Blink                    Tloc           40%        N/A       3%          2
 Gell's Gravitas          Tloc           20%        N/A       6%          3
 Lesser Beckoning         Tloc           20%        N/A       6%          3
 Teleport Other           Tloc           20%        N/A       6%          3
 Necrotise                Necr           32%        1d5       12%         1
 Sting                    Tmut/Pois      32%        1d4       12%         1
 Summon Small Mammal      Summ           32%        N/A       12%         1
 Poisonous Vapours        Pois/Air       16%        N/A       17%         2
 Manifold Assault         Tloc           20%        N/A       50%         5
 Olgreb's Toxic Radiance  Pois           8%         N/A       75%         4
 Alistair's Intoxication  Tmut/Pois      5%         N/A       97%         5
 Storm Form               Tmut/Air       4%         N/A       100%        7

Inventory:

Hand Weapons
 m - a +0 trident (weapon)
Missiles
 d - 5 boomerangs of dispersal (quivered) {=f}
Armour
 b - a +0 leather armour (worn)
 e - a +0 pair of gloves (worn)
Jewellery
 n - an amulet of reflection (around neck)
Scrolls
 a - a scroll of identify {unknown}
 c - a scroll of blinking
 h - a scroll of immolation {unknown}
 i - a scroll of enchant weapon {unknown}
 k - a scroll of vulnerability {unknown}
 l - a scroll of poison {unknown}
 r - a scroll of noise {unknown}
Potions
 f - a potion of mutation {unknown}
 g - 2 potions of flight {unknown}
 j - 3 potions of curing {unknown}
 o - a potion of lignification {unknown}
 p - a potion of haste {unknown}
 q - a potion of heal wounds {unknown}

Dungeon Overview and Level Annotations

Branches:
Dungeon (4/15)             Temple (0/1) D:4           Sewer (visited)

Altars:
Fedhas
The Shining One

Annotations:
D:2 Sigmund

#.....[?..(..#
#............#
#............#
.............#
.............#
.............#
......J......#
......)@.....#
...#########.#


You could see an endoplasm.


Message History

You closely miss the kobold. Your bite misses the kobold.
The kobold is moderately wounded.
The kobold closely misses you.
You closely miss the kobold.
The kobold is moderately wounded.
The kobold hits you with a +0 short sword.
* * * LOW HITPOINT WARNING * * *
You puncture the kobold!
You kill the kobold!
You miss the kobold. The kobold completely misses you.
You hit the kobold.
The kobold is heavily wounded.
The kobold hits you with a +0 whip.
* * * LOW HITPOINT WARNING * * *
The endoplasm barely misses you. You block the endoplasm's attack.
The kobold hits you but does no damage.
You barely miss the kobold.
The kobold is moderately wounded.
The endoplasm freezes you.
You are frozen.
* * * LOW HITPOINT WARNING * * *
The kobold barely misses you.
You hit the kobold.
You kill the kobold!
The endoplasm jiggles.
You block the endoplasm's attack.
You barely miss the endoplasm. The endoplasm freezes you.
You are frozen.
You die...

Skill      XL: |  1  2  3  4  5 |
---------------+----------------+-----
Spellcasting   | 5 |  5.3
Invocations    | 1 2 |  2.0
Short Blades   | 1 |  1.8
Long Blades    | 1 |  1.8
Axes           | 1 |  1.8
Maces & Flails | 1 |  1.8
Staves         | 1 |  1.8
Ranged Weapons | 1 |  1.8
Stealth        | 1 |  1.8
Shields        | 1 |  1.8
Unarmed Combat | 1 |  1.8
Evocations     | 1 |  1.8
Conjurations   | 1 |  1.4
Hexes          | 1 |  1.4
Summonings     | 1 |  1.4
Necromancy     | 1 |  1.4
Transmutations | 1 |  1.4
Fire Magic     | 1 |  1.4
Ice Magic      | 1 |  1.4
Air Magic      | 1 |  1.4
Earth Magic    | 1 |  1.4
Poison Magic   | 1 |  1.4
Throwing       | 3 |  3.2
Armour         | 3 |  3.2
Fighting       | |  4.9
Polearms       | |  4.9
Dodging        | |  4.9
Translocations | |  5.6

Action                   |  1- 3 |  4- 6 || total
-------------------------+-------+-------++-------
Melee: Spear             |   132 |       ||   132
       Bite              |     7 |     7 ||    14
       Punch             |     2 |       ||     2
       Trident           |       |   133 ||   133
Throw: Boomerang         |       |     2 ||     2
 Stab: Distracted        |     1 |       ||     1
       Sleeping          |     1 |       ||     1
Armor: Leather armour    |    27 |    26 ||    53
Dodge: Dodged            |    58 |    54 ||   112
Block: Other             |       |    20 ||    20

Levels and vault maps discovered:
D:1:      dpeg_arrival_rooms_a, layout_loops_ring,
          dreamdust_ecumenical_altar_angels_and_demons
D:2:      layout_loops_cross, basic_altar, serial_co_window_serial,
          co_window_paths_a, co_window_corner_a, co_window_of_opportunity_a,
          co_window_paths_b, co_window_paths_a, co_window_unsneaky_path_d,
          co_window_corner_b, co_window_unsneaky_path_c, co_window_corner_ca,
          co_window_corner_b, glass_columns_a, glass_columns_b, glass_columns_a,
          glass_columns_b, uniq_sigmund, uniq_natasha
D:3:      layout_basic, tso_oasis_becter, portal_sewer_entry_f
D:4:      layout_basic, xom_teletrap_fun, minmay_temple_entry_glass,
          serial_forest, infiniplex_forest_zigzag_1, infiniplex_forest_clump_C,
          infiniplex_forest_straight_2, infiniplex_forest_clump_curved,
          infiniplex_forest_clump_cross, infiniplex_forest_lined_corner,
          minmay_stone_trees_small

Notes
Turn   | Place    | Note
-------+----------+-------------------------------------------
     0 | D:1      | xzight the Gnoll Warper began the quest for the Orb.
     0 | D:1      | Reached XP level 1. HP: 20/20 MP: 6/6
   114 | D:1      | Found a faded altar of an unknown god.
   196 | D:1      | Reached XP level 2. HP: 26/26 MP: 7/7
   737 | D:1      | Reached skill level 5 in Spellcasting
   737 | D:1      | Reached XP level 3. HP: 31/31 MP: 7/9
  1159 | D:2      | Found a blossoming altar of Fedhas.
  1173 | D:2      | Reached skill level 1 in Invocations
  1331 | D:2      | Reached skill level 1 in Short Blades
  1331 | D:2      | Reached skill level 1 in Long Blades
  1331 | D:2      | Reached skill level 1 in Axes
  1331 | D:2      | Reached skill level 1 in Maces & Flails
  1331 | D:2      | Reached skill level 1 in Staves
  1331 | D:2      | Reached skill level 1 in Ranged Weapons
  1331 | D:2      | Reached skill level 1 in Stealth
  1331 | D:2      | Reached skill level 1 in Shields
  1331 | D:2      | Reached skill level 1 in Unarmed Combat
  1331 | D:2      | Reached skill level 1 in Evocations
  1418 | D:2      | Noticed Sigmund
  1538 | D:2      | Reached XP level 4. HP: 26/38 MP: 11/11
  1932 | D:2      | Noticed Natasha
  1948 | D:2      | Killed Natasha
  1949 | D:2      | Reached skill level 1 in Conjurations
  1949 | D:2      | Reached skill level 1 in Hexes
  1949 | D:2      | Reached skill level 1 in Summonings
  1949 | D:2      | Reached skill level 1 in Necromancy
  1949 | D:2      | Reached skill level 1 in Transmutations
  1949 | D:2      | Reached skill level 1 in Fire Magic
  1949 | D:2      | Reached skill level 1 in Ice Magic
  1949 | D:2      | Reached skill level 1 in Air Magic
  1949 | D:2      | Reached skill level 1 in Earth Magic
  1949 | D:2      | Reached skill level 1 in Poison Magic
  2829 | D:3      | Found a glowing drain.
  2845 | Sewer    | Entered a sewer
  2895 | Sewer    | Noticed Pargi
  3363 | D:3      | Reached XP level 5. HP: 43/43 MP: 12/12
  3428 | D:3      | Found a glowing golden altar of the Shining One.
  3548 | D:4      | Reached skill level 3 in Throwing
  3548 | D:4      | Reached skill level 3 in Armour
  3815 | D:4      | Reached skill level 2 in Invocations
  4008 | D:4      | Reached XP level 6. HP: 34/50 MP: 14/14
  4025 | D:4      | Found a staircase to the Ecumenical Temple.
  4038 | D:4      | HP: 5/50 [kobold/+0 whip (2)]
  4039 | D:4      | HP: 2/50 [frozen (3)]
  4041 | D:4      | Frozen to death by an endoplasm

Vanquished Creatures
  A scorpion (D:4)
  A hound (D:4)
  An iguana (D:4)
  Natasha (D:2)
  3 adders
  2 dart slugs
  2 orcs
  6 ball pythons
  4 bats
  3 endoplasms
  4 giant cockroaches
  4 goblins
  7 hobgoblins
  3 jackals
  6 quokkas
  4 frilled lizards
  7 kobolds
  4 rats
63 creatures vanquished.

Vanquished Creatures (others)
  11 plants (D:4)
11 creatures vanquished.

Grand Total: 74 creatures vanquished

Table legend: (Time is in decaauts)
 A = Elapsed time spent in this place.
 B = Non-inter-level travel time spent in this place.
 C = Inter-level travel time spent in this place.
 D = Time resting spent in this place.
 E = Time spent auto-exploring this place.
 F = Levels seen in this place.
 G = Mean time per level.
                   A        B        C        D        E       F      G
               +--------+--------+--------+--------+--------+-----+--------+
         Total |   4043 |   3962 |     81 |   1103 |   2221 |   5 |  808.6 |
       Dungeon |   3953 |   3872 |     81 |   1103 |   2175 |   4 |  988.2 |
         Sewer |     89 |     89 |      0 |      0 |     46 |   1 |   89.0 |
               +--------+--------+--------+--------+--------+-----+--------+

Top non-repeatable levels by time:
     D:2: 1300 daAuts
     D:1: 1077 daAuts
     D:3: 1056 daAuts
     D:4: 519 daAuts
   Sewer: 89 daAuts

Table legend:
 A = Non-vault XP
 B = Vault XP
 C = Vault XP percentage of total XP
 D = Non-vault monster count
 E = Vault monster count
 F = Vault count percentage of total count
                 A         B        C        D         E       F
            +---------+---------+-------+---------+---------+-------
      Total |     301 |      43 |  12.5 |      58 |       5 |   7.9
            +---------+---------+-------+---------+---------+-------
        D:1 |      43 |       0 |   0.0 |      25 |       0 |   0.0
        D:2 |      47 |      35 |  42.7 |      15 |       1 |   6.2
        D:3 |      37 |       6 |  14.0 |      12 |       3 |  20.0
        D:4 |     174 |       0 |   0.0 |       6 |       0 |   0.0
      Sewer |       0 |       2 | 100.0 |       0 |       1 | 100.0
            +---------+---------+-------+---------+---------+-------
